 Dungeon Crawl Stone Soup version 0.28-a0-1404-g4df0f3684d (webtiles) character file.

Game seed: 11538593195944439753

136 freelancePsychic the Skirmisher (level 4, -3/37 HPs)
             Began as a Demonspawn Fighter on Jan 5, 2022.
             Killed by divine providence
             ... invoked by an orc priest
              (10 damage)
             ... on level 3 of the Dungeon.
             The game lasted 00:03:12 (2374 turns).

freelancePsychic the Skirmisher (DsFi)              Turns: 2374, Time: 00:03:12

Health: -3/37      AC:  6    Str: 17    XL:     4   Next: 98%
Magic:  4/4        EV:  9    Int: 11    God:
Gold:   154        SH:  4    Dex: 12    Spells: 3/3 levels left

rFire   . . .      SeeInvis .   a - +0 rapier
rCold   . . .      Faith    .   c - +0 buckler
rNeg    . . .      Spirit   .   b - +0 scale mail
rPois   .          Reflect  .   (helmet restricted)
rElec   .          Harm     .   (no cloak)
rCorr   .          Rampage  .   (no gloves)
Will    .....                   (no boots)
Stlth   ..........              (no amulet)
HPRegen 0.12/turn               (no ring)
MPRegen 0.09/turn               (no ring)

@: no status effects
A: horns 2
a: no special abilities


You were on level 3 of the Dungeon.
You visited 1 branch of the dungeon, and saw 3 of its levels.

You collected 154 gold pieces.

Inventory:

Hand Weapons
 a - a +0 rapier (weapon)
Armour
 b - a +0 scale mail (worn)
 c - a +0 buckler (worn)
Jewellery
 l - an amulet of guardian spirit
 m - a +6 ring of intelligence
Scrolls
 f - 2 scrolls of fear {unknown}
 g - a scroll of enchant weapon {unknown}
 h - 2 scrolls of fog {unknown}
 i - a scroll of teleportation {unknown}
 j - a scroll of magic mapping {unknown}
 k - 2 scrolls of amnesia {unknown}
Potions
 d - a potion of might
 e - a potion of curing {unknown}


   Skills:
 + Level 4.1 Fighting
 + Level 3.1 Short Blades
 - Level 2.7 Armour
 + Level 3.6 Shields


You had 3 spell levels left.
You didn't know any spells.
Your spell library was empty.

Dungeon Overview and Level Annotations

Branches:
Dungeon (3/15)

Altars:

Annotations:
D:1 Natasha
D:2 Sigmund


Innate Abilities, Weirdness & Mutations

You have a pair of horns on your head.


Message History

A frilled lizard, 2 orcs and an orc priest come into view.
The frilled lizard hisses angrily.
The orc shouts!
The orc priest shouts!
The orc shouts!
You hear a shout!
The orc moves out of view.
There are monsters nearby!
There are monsters nearby!
You hit the frilled lizard.
You kill the frilled lizard!
You puncture the orc!
You kill the orc!
No target in view!
You barely miss the orc priest.
You headbutt the orc priest, but do no damage.
The orc priest calls down the wrath of Beogh upon you.
Beogh smites you!
You are too injured to fight recklessly!
You hit the orc priest.
You headbutt the orc priest, but do no damage.
The orc priest is lightly wounded.
The orc priest calls down the wrath of Beogh upon you.
Beogh smites you!
* * * LOW HITPOINT WARNING * * *
You hit the orc priest. You headbutt the orc priest.
The orc priest is heavily wounded.
You puncture the orc priest!
You kill the orc priest!
The orc hits you but does no damage.
Your Fighting skill increases to level 4!
Your Short Blades skill increases to level 3!
You closely miss the orc. Your headbutt misses the orc.
The orc barely misses you.
You closely miss the orc.
An orc priest comes into view. It is wielding a +0 club.
You hit the orc priest.
The orc priest is lightly wounded.
The orc hits you with a +0 hand axe.
* * * LOW HITPOINT WARNING * * *
The orc priest mumbles some strange prayers to Beogh against you.
Beogh smites you!
You die...

## #.# #. ##.## #o
#... #o #..# #.
#..# # #. #..# .#
##
#.###..#####.#...#
#o@.(.........#
#.#o...###.###....
###.#.## #.# .
#[#.####.####.#.#
#.#...........#.#
#.######.######.#
#.# #.# #.# #.#
#.# #.# #.# #.#
#.#


You could see an orc priest and an orc.

Vanquished Creatures
  An orc priest (D:3)
  Natasha (D:1)
  3 adders
  An orc (D:3)
  2 bats (D:1)
  6 endoplasms
  A giant cockroach (D:1)
  3 goblins
  5 hobgoblins
  6 jackals
  5 quokkas
  3 ball pythons
  5 frilled lizards
  4 kobolds
  6 rats
52 creatures vanquished.

Vanquished Creatures (others)
  3 fungi (D:2)
  6 toadstools (D:2)
9 creatures vanquished.

Grand Total: 61 creatures vanquished

Notes
Turn   | Place    | Note
-------+----------+-------------------------------------------
     0 | D:1      | freelancePsychic the Demonspawn Fighter began the quest for
                  | the Orb.
     0 | D:1      | Reached XP level 1. HP: 18/18 MP: 1/1
   133 | D:1      | Discovered your monstrous ancestry.
   133 | D:1      | Gained mutation: You have a pair of small horns on your
                  | head. [demonic ancestry]
   133 | D:1      | Reached XP level 2. HP: 13/24 MP: 2/2
   945 | D:2      | Reached XP level 3. HP: 24/29 MP: 3/3
   996 | D:2      | Noticed Natasha
  1020 | D:1      | Killed Natasha
  1347 | D:2      | Gained mutation: You have a pair of horns on your head.
                  | [demonic ancestry]
  1347 | D:2      | Reached XP level 4. HP: 37/37 MP: 4/4
  1716 | D:2      | Found a faded altar of an unknown god.
  1742 | D:2      | Noticed Sigmund
  1799 | D:1      | Noticed Natasha
  2372 | D:3      | Reached skill level 4 in Fighting
  2374 | D:3      | Killed from afar by an orc priest

Illustrated notes

Levels and vault maps discovered:
D:1:      psy_arrival_radial02, layout_basic
D:2:      layout_loops_cross, basic_ecumenical_altar, minmay_misc_feat_alley,
          eino_curves_04, minmay_gold_behind_fungi, uniq_natasha, uniq_sigmund
D:3:      layout_loops_ring

Skill      XL: |  1  2  3  4 |
---------------+-------------+-----
Short Blades   | 2 3 |  3.1
Shields        | 3 |  3.6
Fighting       | 4 |  4.1
Armour         | |  2.7

Action                   |  1- 3 |  4- 6 || total
-------------------------+-------+-------++-------
Melee: Rapier            |    87 |    59 ||   146
       Headbutt          |     9 |     5 ||    14
Armor: Scale mail        |    60 |    18 ||    78
Dodge: Dodged            |    36 |    14 ||    50
Block: Buckler           |    24 |    16 ||    40

Table legend: (Time is in decaauts)
 A = Elapsed time spent in this place.
 B = Non-inter-level travel time spent in this place.
 C = Inter-level travel time spent in this place.
 D = Time resting spent in this place.
 E = Time spent auto-exploring this place.
 F = Levels seen in this place.
 G = Mean time per level.
                   A        B        C        D        E       F      G
               +--------+--------+--------+--------+--------+-----+--------+
         Total |   2400 |   2305 |     95 |      0 |   1837 |   3 |  800.0 |
       Dungeon |   2400 |   2305 |     95 |      0 |   1837 |   3 |  800.0 |
               +--------+--------+--------+--------+--------+-----+--------+

Top non-repeatable levels by time:
     D:1: 981 daAuts
     D:2: 923 daAuts
     D:3: 495 daAuts
